 BcadrenCrawl: Boulder Brew version 0.06-688-g08e91b2d95 (webtiles) character file.

Game seed: 7732135440118625794

179 Leeroy the Slasher (level 5, -16/63 HPs) Immature Draconian Merfolk. Began on Jan 31, 2023. Demolished by a crocodile (19 damage) ... on level 2 of the Dungeon. The game lasted 00:03:00 (1152 turns).

Leeroy the Slasher (Immature Draconian Merfolk)     Turns: 1152, Time: 00:03:01

Health: -16/63     AC:  6    Str: 16    XL:     5 ^: 123
Magic:  5/5        EV: 16    Int: 12    God:
Gold:   33         SH:  0    Dex: 15    Spells: 4/4 levels left

rFire    + . .     Slash    +   a - +0 long sword
rCold    . . .     Pierce   x   (no weapon)
rNeg     . . .     Bludgeon .   (armour unavailable)
rCorr    . . .     Vision   .   b - +0 hat
rPois    .         Gourm    .   (no cloak)
rElec    .         Faith    .   (no gloves)
MR       .....     Spirit   .   (boots currently unavailable)
HPRegen  0.31/turn Reflect  .   (no amulet)
MPRegen  0.15/turn Harm     .   i - ring of intelligence
Stlth    ++........             j - ring of fire

@: very quick
A: cold resistance 1, deformed body 2, cold-blooded, merfolk tail, draconic
flesh, AC +6
a: Breathe Dart


You were on level 2 of the Dungeon.
You were not hungry.

You visited 1 branch of the dungeon, and saw 2 of its levels.

You collected 33 gold pieces.

Inventory:

Weapons
 a - a +0 long sword (weapon)
Armour
 b - a +0 hat (worn)
Jewellery
 i - a ring of intelligence (left hand)
 j - a ring of fire (right hand)
Wands
 c - a wand of ensnaring (9)
Potions
 e - 2 potions of lignification
 g - a potion of mutation
 h - 3 potions of resistance
Comestibles
 d - a ration


   Skills:
 + Level 3.6 Fighting
 - Level 5.1 Long Blades
 - Level 2.4 Dodging
 - Level 2.0 Evocations


You had 4 spell levels left.
You didn't know any spells.
Your spell library was empty.

Dungeon Overview and Level Annotations

Branches:
Dungeon (2/8)

Altars:


Innate Abilities, Weirdness & Mutations

Your plain brown scales are resilient. (AC +6)
You can breathe rudimentary magical darts.
You are cold resistant. (rC+)
You cannot wear any armour on your peculiar form.
You are cold-blooded and are slowed more easily by cold attacks.
On contact with water, your feet merge into a fishtail, which allows you to swim quickly, evasively and stealthily.
Your scales resist being cut, but it's oddly easy to stick a small blade between them. (rSlashing+, rPiercing-)


Message History

The sewer rat bites you (2).
You are perforated ruthlessly!
You closely miss the sewer rat. You hit the sewer rat but do no damage.
The sewer rat is healthy. (11/11) HP The crocodile bites you (9)!
You are perforated ruthlessly!
* * * LOW HITPOINT WARNING * * *
The sewer rat barely misses you.
The sewer rat bites you but does no damage.
The crocodile barely misses you.
The sewer rat bites the slimehead but does no damage.
The sewer rat bites the slimehead but does no damage.
The crocodile bites the slimehead (13)!
You barely miss the sewer rat. x2
The sewer rat is severely wounded. (4/11) HP The sewer rat barely misses you.
The sewer rat misses you. The crocodile bites you (9)!
You are perforated ruthlessly!
* * * LOW HITPOINT WARNING * * *
The sewer rat bites the slimehead but does no damage.
The crocodile bites you (19)!!
You are perforated ruthlessly!
You die...

########## ####
########## ..≈.
#........##..P
#.≈≈≈r≈≈....## ##.≈
#.≈≈≈tr≈.#..≈# ...≈.
#.≈≈@;≈≈≈#P..# ...#
#...≈≈≈≈†..## .≈#
#.≈..≈≈≈...<###..## .
#.;P.....≈≈†#.≈≈..#.≈
#.P..≈.≈.#††........#
#PP.≈≈≈≈.#≈.........#
#PP≈≈≈≈≈≈##.........#
#.≈≈≈≈.≈≈......⌠.....
...≈≈...≈≈...........


You could see a submerged crocodile, 2 submerged sewer rats and 2 neutral
slimeheads (passive).

Vanquished Creatures
  A jelly (D:1)
  4 giant cockroaches (D:1)
  2 adders (D:1)
  4 sewer rats (D:2)
  2 cinder newts
  2 dart slugs (D:1)
  A leopard gecko (D:1)
  2 goblins (D:1)
  3 hobgoblins (D:1)
  A kobold (D:1)
  3 bats (D:1)
  4 rats (D:1)
29 creatures vanquished.

Vanquished Creatures (others)
  A kobold skeleton (D:2)
  14 withered plants (D:2)
15 creatures vanquished.

Grand Total: 44 creatures vanquished

Notes
Turn   | Place    | Note
-------+----------+-------------------------------------------
     0 | D:1      | Leeroy the Immature Draconian Merfolk began the quest for
                  | the Orb.
     0 | D:1      | Reached XP level 1. HP: 27/27 MP: 1/1
   148 | D:1      | Reached skill level 3 in Long Blades
   148 | D:1      | Reached XP level 2. HP: 27/36 MP: 2/2
   150 | D:1      | Reached XP level 3. HP: 33/45 MP: 3/3
   152 | D:1      | Reached skill level 4 in Long Blades
   264 | D:1      | Reached XP level 4. HP: 54/54 MP: 4/4
   755 | D:1      | Reached skill level 5 in Long Blades
  1064 | D:2      | Reached XP level 5. HP: 61/63 MP: 5/5
  1150 | D:2      | HP: 2/63 [crocodile (9)]
  1152 | D:2      | Demolished by a crocodile

Illustrated notes

Levels and vault maps discovered:
D:1:      minmay_arrival_nine_rooms, layout_rooms, minmay_tree_intersection,
          gup_sewer_entry_glass
D:2:      layout_sewer, sewer_frog_spiral, serial_shops, shop, first_ration,
          serial_column_ruins, column_ruins_open_medium,
          column_ruins_open_small, column_ruins_open_small,
          column_ruins_open_small, column_ruins_open_large, column_ruins_grid_4,
          column_ruins_open_large

Skill      XL: |  1  2  3  4  5 |
---------------+----------------+-----
Long Blades    | 3 4 5 |  5.1
Fighting       | 3 |  3.6
Dodging        | |  2.4
Evocations     | |  2.0

Action                   |  1- 3 |  4- 6 || total
-------------------------+-------+-------++-------
Melee: Long sword        |    15 |    46 ||    61
       Unarmed           |     8 |    33 ||    41
       Peck              |     2 |     5 ||     7
 Stab: Sleeping          |       |     3 ||     3
  Eat: Chunk             |       |     1 ||     1
Armor: Skin              |     2 |    14 ||    16
Dodge: Dodged            |     9 |    35 ||    44
       Rpst.: Long sword |     3 |    12 ||    15
